 Dungeon Crawl Stone Soup version 0.28.0-53-g5a82cb258f (webtiles) character file.

Game seed: 6877203972465620044

84 gobodom the Conjurer (level 4, -2/27 HPs)
             Began as an Octopode Conjurer on June 21, 2022.
             Slain by an orc wizard
             ... wielding a +0 dagger
              (3 damage)
             ... on level 3 of the Dungeon.
             The game lasted 00:07:28 (1756 turns).

gobodom the Conjurer (Octopode Conjurer)            Turns: 1756, Time: 00:07:29

Health: -2/27      AC:  1    Str: 10    XL:     4   Next: 46%
Magic:  7/7        EV: 13    Int: 20    God:
Gold:   74         SH:  0    Dex: 10    Spells: 6/7 levels left

rFire   . . .      SeeInvis +   f - +2 dagger (holy)
rCold   . . .      Faith    .   (no shield)
rNeg    . . .      Spirit   .   (helmet restricted)
rPois   .          Reflect  +   b - amulet of reflection
rElec   .          Harm     .   i - ring of see invisible
rCorr   .          Rampage  .   (no ring)
Will    .....                   (no ring)
Stlth   ++........              (no ring)
HPRegen 0.09/turn               (no ring)
MPRegen 0.10/turn               (no ring)
                                (no ring)
                                (no ring)

@: confused
A: almost no armour, amphibious, 8 rings, camouflage 1, gelatinous body 1,
(nimble swimmer 1), tentacles, strong 1
a: no special abilities


You were on level 3 of the Dungeon.
You visited 1 branch of the dungeon, and saw 3 of its levels.

You collected 74 gold pieces.

Inventory:

Hand Weapons
 f - a +2 dagger of holy wrath (weapon)
Missiles
 a - 2 poisoned darts
Jewellery
 b - an amulet of reflection (around mantle)
 i - a ring of see invisible (left tentacle)
Scrolls
 d - a scroll of brand weapon {unknown}
 g - a scroll of identify {unknown}
Potions
 h - a potion of haste {unknown}


   Skills:
 + Level 0.7 Short Blades
 + Level 2.0 Dodging
 + Level 3.0 Stealth
 + Level 0.1 Shields
 + Level 0.1 Unarmed Combat
 + Level 2.4 Spellcasting
 + Level 5.3 Conjurations


You had 6 spell levels left.
You knew the following spells:

 Your Spells              Type           Power      Damage    Failure   Level
a - Magic Dart            Conj           92%        1d7       1%          1

Your spell library contained the following spells:

 Spells                   Type           Power      Damage    Failure   Level
 Searing Ray              Conj           46%        2d6       2%          2
 Dazzling Flash           Conj/Hex       26%        N/A       16%         3
 Fulminant Prism          Conj/Hex       6%         3d7       45%         4
 Iskenderun's Mystic Bla  Conj/Tloc      13%        2d5       45%         4


Dungeon Overview and Level Annotations

Branches:
Dungeon (3/15)

Altars:

Shops:
D:1 [


Innate Abilities, Weirdness & Mutations

You cannot wear most types of armour.
You are amphibious.
You can wear up to eight rings at the same time.
Your skin changes colour to match your surroundings (Stealth+).
Your rubbery body absorbs attacks. (AC +1, EV +1)
((You are camouflaged when in or above water. (Stealth+)))
You have tentacles for arms and can constrict up to eight enemies at once.
Your muscles are strong. (Str +2)


Message History

You feel less confused. The ball python bites you.
The ball python constricts you. The orc wizard closely misses you.
You hit the ball python.
You kill the ball python!
The orc wizard hits you with a +0 dagger.
* * * LOW HITPOINT WARNING * * *
You barely miss the giant cockroach. You grab the giant cockroach.
You constrict the giant cockroach. The giant cockroach bites you.
* * * LOW HITPOINT WARNING * * *
The orc wizard hits you with a +0 dagger.
* * * LOW HITPOINT WARNING * * *
You barely miss the giant cockroach. You squeeze the giant cockroach.
You kill the giant cockroach!
A quokka comes into view.
You block the orc wizard's attack.
You hit the goblin. You grab the goblin. You squeeze the goblin.
You kill the goblin!
The orc wizard misses you.
You see here a +0 dagger.
The orc wizard mumbles some strange words.
The orc wizard flickers and vanishes for a moment.
The orc wizard gestures at you while chanting.
You are confused.
You bump into the rock wall.
You bump into the rock wall.
The orc wizard hits you with a +0 dagger.
* * * LOW HITPOINT WARNING * * *
The orc shouts!
You feel less confused.
The orc wizard gestures wildly while chanting.
The orc wizard flickers and vanishes for a moment.
An orc comes into view. It is wielding a +0 war axe.
The orc wizard gestures at you while chanting.
You are confused.
The orc wizard hits you with a +0 dagger.
* * * LOW HITPOINT WARNING * * *
You're too confused to move!
The orc wizard hits you with a +0 dagger.
You die...

#....# .. #....# ##.##
#....# #...
##.###....#### #..#
.............# #..#
##'###....##.####.####..
........o.......o......#
.....###o###.####.####..
.......@..r..# #.#
.........########o####..
..........!or.o.........
#...#############.####..
#.. #.......#..# #.
#..........###. #
#.........(....#
#...)...#..#....
#..........#....


You could see 2 orc wizards and a quokka.

Vanquished Creatures
  A gnoll (D:1)
  2 adders
  An orc (D:2)
  4 bats
  6 endoplasms
  A giant cockroach (D:3)
  9 goblins
  6 hobgoblins
  3 jackals (D:1)
  6 ball pythons
  4 frilled lizards
  4 kobolds
  3 rats (D:1)
50 creatures vanquished.

Notes
Turn   | Place    | Note
-------+----------+-------------------------------------------
     0 | D:1      | gobodom the Octopode Conjurer began the quest for the Orb.
     0 | D:1      | Reached XP level 1. HP: 11/11 MP: 3/3
   197 | D:1      | Reached XP level 2. HP: 17/17 MP: 0/5
   516 | D:1      | Reached XP level 3. HP: 21/21 MP: 1/6
   635 | D:1      | Found Voedes's Armour Shoppe.
  1161 | D:2      | Reached skill level 5 in Conjurations
  1214 | D:2      | Reached XP level 4. HP: 22/27 MP: 1/7
  1719 | D:3      | Gained mutation: Your muscles are strong. (Str +2) [potion
                  | of mutation]
  1753 | D:3      | HP: 1/27 [orc wizard/+0 dagger (3)]
  1756 | D:3      | Slain by an orc wizard

Illustrated notes

Levels and vault maps discovered:
D:1:      eino_arrival_water_star, layout_basic, serial_shops, shop, st_stairs_7
D:2:      layout_rooms
D:3:      layout_basic, minmay_strange_pillars

Skill      XL: |  1  2  3 |
---------------+----------+-----
Stealth        | 3 |  3.0
Conjurations   | 5 |  5.3
Short Blades   | |  0.7
Dodging        | |  2.0
Shields        | |  0.1
Unarmed Combat | |  0.1
Spellcasting   | |  2.4

Action                   |  1- 3 |  4- 6 || total
-------------------------+-------+-------++-------
Melee: Unarmed           |     6 |       ||     6
       Tentacles         |     2 |     2 ||     4
       Constrict         |     3 |     4 ||     7
       Dagger            |     2 |    12 ||    14
       Punch             |       |     1 ||     1
 Cast: Magic Dart        |    58 |    22 ||    80
  Use: Potion            |       |     2 ||     2
Armor: Skin              |     2 |     2 ||     4
Dodge: Dodged            |     5 |    18 ||    23
Block: Other             |       |     5 ||     5
